 Dungeon Crawl Stone Soup version 0.28.0 (webtiles) character file.

Game seed: 15459867059068675463

506 tizbic2 the Shooter (level 7, 0/35 HPs)
             Began as a Vine Stalker Hunter on Feb 6, 2022.
             Slain by Eustachio (7 damage)
             ... on level 4 of the Dungeon.
             The game lasted 00:19:57 (3871 turns).

tizbic2 the Shooter (Vine Stalker Hunter)           Turns: 3871, Time: 00:20:00

Health: 0/35       AC:  6    Str: 14    XL:     7   Next: 18%
Magic:  0/8        EV: 11    Int: 13    God:
Gold:   148        SH:  0    Dex: 15    Spells: 6/6 levels left

rFire   . . .      SeeInvis .   w - staff of poison
rCold   . . .      Faith    .   (no shield)
rNeg    . . .      Spirit   +   i - +1 ring mail
rPois   +          Reflect  .   (no helmet)
rElec   .          Harm     .   (no cloak)
rCorr   .          Rampage  .   (no gloves)
Will    .....                   (no boots)
Stlth   +.........              (no amulet)
HPRegen 0.91/turn               (no ring)
MPRegen 0.11/turn               (no ring)

@: no status effects
A: fangs 2, regeneration 1, magic shield, antimagic bite, no potion heal 2
a: no special abilities


You were on level 4 of the Dungeon.
You visited 1 branch of the dungeon, and saw 4 of its levels.

You collected 176 gold pieces.
You spent 28 gold pieces at shops.

Inventory:

Hand Weapons
 a - a +3 shortbow
Missiles
 d - 74 arrows
 f - 6 poisoned darts (quivered)
 g - 133 stones
 p - 2 throwing nets
Armour
 i - a +1 ring mail (worn)
Magical Staves
 w - a staff of poison (weapon)
Wands
 h - a wand of acid (9)
 n - a wand of flame (19)
Scrolls
 e - a scroll of torment {unknown}
 l - a scroll of fear
Potions
 b - 2 potions of haste {unknown}
 c - a potion of might {unknown}
 j - a potion of curing {unknown}
 k - a potion of berserk rage {unknown}
 m - a potion of cancellation {unknown}
 o - a potion of mutation {unknown}


   Skills:
 - Level 2.0 Fighting
 * Level 3.2 Staves
 + Level 6.3 Bows
 - Level 1.7 Dodging
 - Level 1.7 Stealth
 + Level 1.9 Necromancy


You had 6 spell levels left.
You didn't know any spells.
Your spell library contained the following spells:

 Spells                   Type           Power      Damage    Failure   Level
 Animate Skeleton         Necr           10%        N/A       28%         1
 Pain                     Necr           20%        1d5       28%         1
 Vampiric Draining        Necr           5%         2d6       65%         3


Dungeon Overview and Level Annotations

Branches:
Dungeon (4/15)
 Temple: D:4-7

Altars:
Qazlal
Zin

Shops:
D:1 *   D:3 *

Annotations:
D:4 Eustachio


Innate Abilities, Weirdness & Mutations

You have extremely sharp teeth.
Your natural rate of healing is unusually fast.
When hurt, damage is shared between your health and your magic reserves.
Your bite disrupts and absorbs the magic of your enemies.
Potions cannot restore your health.


Message History

You closely miss the ufetubus.
The ufetubus is moderately wounded.
The ufetubus hits you. x2; The ufetubus barely misses you.
The ufetubus hits you.
The iron imp hits you but does no damage.
The shadow imp summons a swarm of flies.
You hit the ufetubus. Your bite misses the ufetubus.
The ufetubus is severely wounded.
The ufetubus barely misses you. The ufetubus closely misses you.
The iron imp hits you. The ufetubus hits you. x2
Aiming: Throw Flame
Press: ? - help, Shift-Dir - straight line, f/p - Eustachio
Aim: Eustachio, wielding a +0 falchion and wearing a +0 leather armour (severely wounded, 56% to hit)
The puff of flame misses the ufetubus.
The puff of flame misses Eustachio.
The puff of flame misses the shadow imp.
The ufetubus barely misses you.
The ufetubus hits you but does no damage.
The iron imp hits you but does no damage.
Aiming: Throw Flame
Press: ? - help, Shift-Dir - straight line, f/p - Eustachio
Aim: Eustachio, wielding a +0 falchion and wearing a +0 leather armour (severely wounded, 56% to hit)
The puff of flame misses the ufetubus.
The puff of flame hits Eustachio.
Eustachio is almost dead.
The ufetubus hits you. x3; The ufetubus closely misses you.
Aiming: Throw Flame
Press: ? - help, Shift-Dir - straight line, f/p - Eustachio
Aim: Eustachio, wielding a +0 falchion and wearing a +0 leather armour (almost dead, 56% to hit)
The puff of flame hits the ufetubus!
The ufetubus is burned terribly!
You kill the ufetubus!
The ufetubus disappears in a puff of smoke!
The iron imp hits you!
* * * LOW HITPOINT WARNING * * *
The shadow imp grinds its teeth.
You hit Eustachio but do no damage. You bite Eustachio, but do no damage.
Eustachio is almost dead.
The iron imp grins evilly.
The iron imp hits you.
* * * LOW HITPOINT WARNING * * *
Eustachio hits you with a +0 falchion!
You die...

########### # #.........#
...###.......#.##########
...........#.#.5@@5.....#
...###..##.#...########.#
# #..##.....## .#
#..........# 55
##)####...## .##
#.####..## .# #.......#
#.# ## #######.# #.# #.
##'## ... #.


You could see Eustachio, an iron imp (summoned) and a shadow imp (summoned).

Vanquished Creatures
  Sigmund (D:4)
  A lemure (D:3)
  A howler monkey (D:4)
  2 orc priests (D:4)
  4 iguanas
  4 gnolls (D:4)
  3 adders
  An adder skeleton (D:4)
  A worm (D:2)
  2 dart slugs
  9 orcs
  3 ball pythons
  4 endoplasms
  2 giant cockroaches
  9 goblins
  4 hobgoblins
  2 jackals (D:2)
  5 kobolds
  6 quokkas
  6 bats
  2 frilled lizards (D:1)
  4 rats
76 creatures vanquished.

Notes
Turn   | Place    | Note
-------+----------+-------------------------------------------
     0 | D:1      | tizbic2 the Vine Stalker Hunter began the quest for the
                  | Orb.
     0 | D:1      | Reached XP level 1. HP: 11/11 MP: 2/2
     3 | D:1      | Noticed an electric eel
     4 | D:1      | Noticed an electric eel
   148 | D:1      | Reached XP level 2. HP: 15/15 MP: 3/3
   266 | D:1      | Found Mad Nufu's Assorted Antiques.
   271 | D:1      | Bought a scroll labelled JIOSIXT HOTU for 28 gold pieces
   392 | D:1      | Reached skill level 4 in Bows
   682 | D:1      | Reached XP level 3. HP: 13/18 MP: 4/4
  1089 | D:2      | Found a faded altar of an unknown god.
  1879 | D:3      | Gained mutation: Your natural rate of healing is unusually
                  | fast. [Vine Stalker growth]
  1879 | D:3      | Reached XP level 4. HP: 23/23 MP: 5/5
  1968 | D:3      | You fall into a shaft and drop 1 floor!
  2016 | D:4      | Reached skill level 5 in Bows
  2153 | D:4      | Reached XP level 5. HP: 18/26 MP: 3/6
  2208 | D:4      | Reached skill level 1 in Staves
  2252 | D:4      | Found a stormy altar of Qazlal.
  2495 | D:4      | Reached XP level 6. HP: 30/30 MP: 5/7
  3116 | D:3      | Found Zin's Purification Station.
  3123 | D:3      | Found a glowing silver altar of Zin.
  3237 | D:3      | Reached skill level 6 in Bows
  3496 | D:4      | Reached skill level 1 in Necromancy
  3794 | D:4      | Noticed Sigmund
  3804 | D:4      | Killed Sigmund
  3805 | D:4      | Reached XP level 7. HP: 32/35 MP: 6/8
  3839 | D:4      | Noticed Eustachio
  3871 | D:4      | Slain by Eustachio

Illustrated notes

Levels and vault maps discovered:
D:1:      arrival_aquarium_b, layout_basic, serial_shops, shop,
          kennysheep_decorative_pillar
D:2:      layout_loops_ring, ebering_ecumenical_altar_abandoned
D:3:      layout_basic, zin_purify
D:4:      layout_loops_corners, mainiacjoe_overflow_paths,
          minmay_overflow_temple_star_quad, hangedman_abyss_or_decor_stabs,
          uniq_pikel, uniq_sigmund, uniq_eustachio

Skill      XL: |  1  2  3  4  5  6 |
---------------+-------------------+-----
Fighting       | 2 |  2.0
Bows           | 4 5 6 |  6.3
Staves         | 1 3 |  3.2
Necromancy     | 1 |  1.9
Dodging        | |  1.7
Stealth        | |  1.7

Action                   |  1- 3 |  4- 6 |  7- 9 || total
-------------------------+-------+-------+-------++-------
Melee: Short sword       |    37 |       |       ||    37
       Bite              |    15 |    51 |     4 ||    70
       Shortbow          |     1 |       |       ||     1
       Staff             |       |   149 |    16 ||   165
       Punch             |       |     3 |       ||     3
 Fire: Shortbow          |    67 |    58 |     1 ||   126
Evoke: Wand              |       |     1 |     6 ||     7
  Use: Scroll            |     1 |     6 |       ||     7
Armor: Leather armour    |     5 |       |       ||     5
       Ring mail         |    11 |    36 |     9 ||    56
Dodge: Dodged            |    35 |    74 |    19 ||   128
